 Dungeon Crawl Stone Soup version 0.28-a0-1629-gf728b707aa (webtiles) character file.

Game seed: 8423400899815461526

1371 croobank the Sneak (level 8, -1/44 (46) HPs)
             Began as an Octopode Fire Elementalist on Jan 25, 2022.
             Slain by a wight (3 damage)
             ... on level 6 of the Dungeon.
             The game lasted 00:19:49 (6485 turns).

croobank the Sneak (Octopode Fire Elementalist)     Turns: 6485, Time: 00:19:54

HP:   -1/44 (46)    AC:  1    Str:  9    XL:     8   Next: 65%
MP:   11/14         EV: 14    Int: 24    God:
Gold: 195           SH:  5    Dex: 12    Spells: 13/16 levels left

rFire   . . .      SeeInvis .   a - +3 hand axe (venom)
rCold   . . .      Faith    .   (no shield)
rNeg    . . .      Spirit   .   (helmet restricted)
rPois   .          Reflect  +   r - amulet of reflection
rElec   .          Harm     .   d - +6 ring of intelligence
rCorr   .          Rampage  .   (no ring)
Will    .....                   (no ring)
Stlth   ++++......              (no ring)
HPRegen 0.14/turn               (no ring)
MPRegen 0.14/turn               (no ring)
                                (no ring)
                                (no ring)

@: lightly drained
A: almost no armour, amphibious, 8 rings, camouflage 1, gelatinous body 1,
(nimble swimmer 1), tentacles
a: no special abilities


You were on level 6 of the Dungeon.
You visited 1 branch of the dungeon, and saw 6 of its levels.

You collected 195 gold pieces.

Inventory:

Hand Weapons
 a - a +3 hand axe of venom (weapon)
 b - a +2 hunting sling
 g - a +0 short sword
 k - a +0 long sword
 v - a +0 fustibalus
 x - a +3 dagger
 A - a +0 war axe
Missiles
 c - 190 stones
 f - 45 bolts
 j - 30 sling bullets
Magical Staves
 p - a staff of fire
Jewellery
 d - a +6 ring of intelligence (left tentacle)
 r - an amulet of reflection (around mantle)
Wands
 t - a wand of acid (6)
Scrolls
 h - 3 scrolls of fear
 n - a scroll of blinking {unknown}
 o - a scroll of fog {unknown}
 s - a scroll of noise {unknown}
 y - a scroll of silence {unknown}
 z - a scroll of teleportation
Potions
 e - 3 potions of curing
 i - a potion of brilliance
 l - a potion of lignification {unknown}
 m - a potion of ambrosia {unknown}
 q - 2 potions of flight {unknown}
 u - a potion of degeneration {unknown}


   Skills:
 + Level 4.9 Dodging
 + Level 7.1 Stealth
 + Level 4.6 Spellcasting
 + Level 4.5 Conjurations
 + Level 5.4 Fire Magic


You had 13 spell levels left.
You knew the following spells:

 Your Spells              Type           Power      Damage    Failure   Level
a - Foxfire               Conj/Fire      100%       2x1d9     1%          1
b - Scorch                Fire           62%        2d8       1%          2

Your spell library contained the following spells:

 Spells                   Type           Power      Damage    Failure   Level
 Conjure Flame            Conj/Fire      29%        6-21      3%          3
 Inner Flame              Hex/Fire       18%        N/A       9%          3
 Flame Wave               Conj/Fire      29%        2d8       12%         4
 Sublimation of Blood     Necr           5%         N/A       14%         2
 Ozocubu's Armour         Ice            5%         N/A       28%         3
 Portal Projectile        Hex/Tloc       10%        N/A       28%         3
 Petrify                  Tmut/Erth      5%         N/A       67%         4
 Irradiate                Conj/Tmut      8%         3d16      71%         5
 Blade Hands              Tmut           2%         N/A       95%         5
 Excruciating Wounds      Necr           2%         N/A       95%         5
 Metabolic Englaciation   Hex/Ice        2%         N/A       95%         5
 Simulacrum               Ice/Necr       2%         N/A       100%        6


Dungeon Overview and Level Annotations

Branches:
Dungeon (6/15)
 Temple: D:4-7

Altars:
Gozag
Qazlal
Ru

Shops:
D:3 (

Annotations:
D:4 3 runed translucent doors, badtown22's ghost, amateur VSFi


Innate Abilities, Weirdness & Mutations

You cannot wear most types of armour.
You are amphibious.
You can wear up to eight rings at the same time.
Your skin changes colour to match your surroundings (Stealth+).
Your rubbery body absorbs attacks. (AC +1, EV +1)
((You are camouflaged when in or above water. (Stealth+)))
You have tentacles for arms and can constrict up to eight enemies at once.


Message History

You constrict the wight, but do no damage.
You block the wight's attack.
You hit the wight.
The wight is moderately damaged.
You constrict the wight, but do no damage.
The wight hits you with a +0 mace!
You hit the wight but do no damage.
The wight is moderately damaged.
You constrict the wight, but do no damage.
You block the wight's attack. The wight closely misses you.
You slash the wight!
You destroy the wight!
A wight comes into view. It is wielding a +5 long sword.
You hit the wight but do no damage. Your grab misses the wight.
You squeeze the wight, but do no damage.
The wight barely misses you.
Casting: Foxfire (safe; 1% risk of failure)
Confirm with . or Enter, or press ? or * to list all spells.
You conjure some foxfire!
The wight closely misses you.
You hit the wight. You grab the wight.
You squeeze the wight, but do no damage.
The wight is moderately damaged.
You constrict the wight, but do no damage.
The foxfire hits the wight but does no damage.
The wight is moderately damaged.
You block the wight's attack.
Casting: Foxfire (safe; 1% risk of failure)
Confirm with . or Enter, or press ? or * to list all spells.
Flames lash the wight.
The wight is almost destroyed.
The wight's fire resistance burns away.
You constrict the wight, but do no damage.
The wight barely misses you.
You hit the wight but do no damage.
The wight is almost destroyed.
You constrict the wight, but do no damage.
The wight hits you with a +5 long sword! x2
* * * LOW HITPOINT WARNING * * *
You feel drained.
You die...

.................### .#
...........#.......##.##
.....########..........#
.....# #.#...##...#
.....# #..#..##..#
.....# #...#....# ###..#
#....#..#..... ...
#.##..##..##.. #ยง #.@#
..# .......#z.#...
......# ...#... .....#
##..#..# ....# ...#.#
...# ...# ... ..# .. .##


You could see a wight (combustible).

Vanquished Creatures
  An acid dragon (D:5)
  An orc warrior (D:6)
  2 sky beasts (D:6)
  An ice beast (D:5)
  2 ogres
  A water moccasin zombie (D:5)
  2 scorpions (D:5)
  A wight (D:6)
  An electric eel (D:6)
  A hound (D:5)
  2 orc priests (D:5)
  3 iguanas
  4 orc wizards
  A killer bee zombie (D:4)
  A hound skeleton (D:5)
  A howler monkey zombie (D:6)
  4 gnolls (D:5)
  4 adders
  An adder skeleton (D:4)
  2 worms (D:2)
  2 dart slugs (D:2)
  12 orcs
  13 ball pythons
  5 bats
  7 endoplasms
  3 giant cockroaches
  2 goblins (D:4)
  7 hobgoblins
  4 jackals
  3 quokkas
  2 frilled lizards (D:2)
  5 kobolds
  5 rats (D:1)
106 creatures vanquished.

Vanquished Creatures (others)
  179 foxfires
  A plant (D:3)
180 creatures vanquished.

Grand Total: 286 creatures vanquished

Notes
Turn   | Place    | Note
-------+----------+-------------------------------------------
     0 | D:1      | croobank the Octopode Fire Elementalist began the quest for
                  | the Orb.
     0 | D:1      | Reached XP level 1. HP: 11/11 MP: 3/3
   216 | D:1      | Reached XP level 2. HP: 17/17 MP: 0/5
   220 | D:1      | Reached skill level 3 in Stealth
   369 | D:1      | Learned a level 2 spell: Scorch
   523 | D:1      | Found a faded altar of an unknown god.
   889 | D:2      | Reached XP level 3. HP: 14/21 MP: 1/6
  1688 | D:2      | Reached XP level 4. HP: 27/27 MP: 4/7
  2342 | D:3      | Found Poitt's Antique Weapon Boutique.
  2930 | D:4      | Found a runed translucent gate.
  2930 | D:4      | Found a runed translucent gate.
  2930 | D:4      | Found a runed translucent gate.
  2940 | D:4      | Reached skill level 4 in Stealth
  2940 | D:4      | Reached XP level 5. HP: 23/31 MP: 6/9
  2940 | D:4      | Noticed a kobold brigand
  2940 | D:4      | Noticed badtown22's ghost (amateur VSFi)
  3620 | D:5      | Entered Level 5 of the Dungeon
  3923 | D:5      | Reached XP level 6. HP: 36/36 MP: 7/10
  3926 | D:5      | Noticed an ice beast
  3945 | D:5      | Killed an ice beast
  4031 | D:5      | Reached skill level 5 in Stealth
  4244 | D:4      | Reached XP level 7. HP: 19/41 MP: 4/12
  4838 | D:5      | Found a stormy altar of Qazlal.
  5011 | D:5      | Found an opulent altar of Gozag.
  5264 | D:5      | Reached skill level 6 in Stealth
  5267 | D:5      | Reached XP level 8. HP: 21/46 MP: 1/14
  5507 | D:5      | Found a sacrificial altar of Ru.
  5742 | D:6      | HP: 2/46 [something (6)]
  5744 | D:6      | Reached skill level 5 in Fire Magic
  6477 | D:6      | Reached skill level 7 in Stealth
  6485 | D:6      | HP: 2/46 [wight (14)]
  6485 | D:6      | Slain by a wight

Illustrated notes

Levels and vault maps discovered:
D:1:      noname_arrival_rooms_in_the_neighbourhood, layout_rooms,
          shapermc_ecumenical_altar_notcrosses
D:2:      layout_loops_ring
D:3:      layout_rooms, serial_shops, shop, minmay_shallow_snake_nest
D:4:      layout_gridville, gammafunk_ghost_nasty_kobolds,
          grunt_decor_mini_mirrors
D:5:      layout_cave_pools, mainiacjoe_overflow_24_doors,
          mainiacjoe_overflow_alcove_2, general_overflow_altar, minivault_27
D:6:      layout_layer_cave, lemuel_tele_altar, minmay_temple_entry_hall,
          roderic_roman_lattice, minivault_26, minivault_14,
          nicolae_shop_clearance

Skill      XL: |  1  2  3  4  5  6  7  8 |
---------------+-------------------------+-----
Stealth        | 3 4 5 6 7 |  7.1
Conjurations   | 2 3 4 |  4.5
Dodging        | 3 4 |  4.9
Spellcasting   | 3 4 |  4.6
Fire Magic     | 4 5 |  5.4

Action                   |  1- 3 |  4- 6 |  7- 9 || total
-------------------------+-------+-------+-------++-------
Melee: Unarmed           |     9 |       |       ||     9
       Constrict         |     7 |     4 |     7 ||    18
       Short sword       |    18 |       |       ||    18
       Tentacles         |     6 |     4 |     7 ||    17
       Long sword        |       |    10 |       ||    10
       Staff             |       |    11 |     5 ||    16
       Hand axe          |       |       |    27 ||    27
 Cast: Foxfire           |    41 |    29 |    42 ||   112
       Scorch            |     6 |    24 |    22 ||    52
  Use: Scroll            |     3 |     4 |     3 ||    10
       Potion            |       |       |     1 ||     1
 Stab: Sleeping          |     2 |     3 |       ||     5
       Invisible         |       |       |     1 ||     1
Armor: Skin              |     6 |       |       ||     6
Dodge: Dodged            |    17 |    31 |    23 ||    71
Block: Other             |       |     6 |    10 ||    16

Table legend: (Time is in decaauts)
 A = Elapsed time spent in this place.
 B = Non-inter-level travel time spent in this place.
 C = Inter-level travel time spent in this place.
 D = Time resting spent in this place.
 E = Time spent auto-exploring this place.
 F = Levels seen in this place.
 G = Mean time per level.
                   A        B        C        D        E       F      G
               +--------+--------+--------+--------+--------+-----+--------+
         Total |   6502 |   6407 |     95 |   1577 |   3873 |   6 | 1083.7 |
       Dungeon |   6502 |   6407 |     95 |   1577 |   3873 |   6 | 1083.7 |
               +--------+--------+--------+--------+--------+-----+--------+

Top non-repeatable levels by time:
     D:5: 1456 daAuts
     D:4: 1434 daAuts
     D:2: 1317 daAuts
     D:1: 852 daAuts
     D:6: 834 daAuts
     D:3: 607 daAuts
